 Dungeon Sprint DCSS version 0.17-a0-1711-gc5340a3 (webtiles) character file.

105 patman the Ducker (level 4, -1/23 HPs)
             Began as a Vine Stalker Assassin on Aug 22, 2015.
             Was an Initiate of Trog.
             Slain by a hill giant
             ... wielding a +0 giant spiked club
              (13 damage)
             ... in the Dungeon (Sprint IX: "|||||||||||||||||||||||||||||").
             The game lasted 00:04:02 (316 turns).

patman the Ducker (Vine Stalker Assassin)            Turns: 316, Time: 00:04:02

Health: -1/23      AC: 11    Str: 14    XL:     4   Next: 83%
Magic:  0/5        EV: 15    Int: 11    God:    Trog [......]
Gold:   0          SH:  0    Dex: 16    Spells: 0 memorised, 3 levels left

rFire  . . .     SeeInvis .     a - +2 dagger
rCold  . . .     Clarity  .     u - +1 scale mail
rNeg   . . .     SustAt   .     (no shield)
rPois  .         Gourm    .     (no helmet)
rElec  .         Spirit   +     s - +0 cloak
rCorr  .         Warding  .     t - +0 pair of gloves
rMut   .         NoTele   +     (no boots)
MR     .....                    (no amulet)
Stlth  ++........               v - +2 ring of evasion
                                w - +2 ring of protection

@: not resistant to hostile enchantments, unstealthy
A: fangs 2, regeneration 1, magic shield, antimagic bite, no device heal 3, rot
immunity
a: Burn Spellbooks, Renounce Religion


You were in the Dungeon.
You worshipped Trog.
Trog was noncommittal.
You were not hungry.

You visited 1 branch

Inventory:

Hand weapons
 a - a +2 dagger (weapon)
 b - a +0 blowgun
 r - a +2 dire flail of protection
Missiles
 e - 8 poisoned needles
 f - 2 curare-tipped needles
Armour
 c - a +0 robe
 d - a +0 cloak
 s - a +0 cloak (worn)
 t - a +0 pair of gloves (worn)
 u - a +1 scale mail (worn)
Jewellery
 v - a +2 ring of evasion (right hand)
 w - a +2 ring of protection (left hand)
Magical devices
 q - a wand of cold (7)
Scrolls
 i - 3 scrolls of remove curse
 m - 2 scrolls of blinking
 p - 2 scrolls of amnesia
Potions
 h - 5 potions of curing
 j - a potion of haste
 k - 4 potions of magic
 l - a potion of berserk rage
 o - a potion of invisibility
Comestibles
 g - a bread ration


   Skills:
 - Level 1.7 Fighting
 - Level 1.7 Short Blades
 * Level 1.0 Maces & Flails
 - Level 1.7 Throwing
 - Level 7.5 Dodging
 - Level 4.8 Stealth


You had 3 spell levels left.
You didn't know any spells.

Dungeon Overview and Level Annotations

Branches:
Dungeon (1/1)

Altars:
Cheibriados
Dithmenos
Elyvilon
Fedhas
Gozag
Kikubaaqudgha
Makhleb
Nemelex Xobeh
Okawaru
Qazlal
Ru
Sif Muna
Trog
Vehumet
Xom
Yredelemnul
Zin
The Shining One
Beogh
Jiyva
Lugonu


Innate Abilities, Weirdness & Mutations

You have extremely sharp teeth.
Your natural rate of healing is unusually fast.
When hurt, damage is shared between your health and your magic reserves.
Your bite disrupts and absorbs the magic of your enemies.
Potions and wands cannot restore your health.
You are immune to rotting.


Message History

The ogre is almost dead.
You puncture the hill giant!
The hill giant is lightly wounded.
The hill giant hits you but does no damage.
You sock the hill giant! You bite the hill giant. You drain its power.
The hill giant is moderately wounded.
The hill giant hits you with a giant spiked club.
You hit the hill giant but do no damage.
The hill giant is moderately wounded.
You hit the hill giant.
The hill giant is moderately wounded.
The hill giant hits you with a giant spiked club.
You sock the hill giant!
The hill giant is heavily wounded.
The hill giant hits you with a giant spiked club!
You feel less protected.
a - a +2 dagger (weapon)
The hill giant hits you with a giant spiked club!
Ouch! That really hurt!
You die... ▓▓▓▓▓▓▓▓▓▓▓▓▓▓▓▓▓▓▓▓▓▓▓▓▓▓▓ __________'!.|).@C.Oa.oZ... ▓▓▓▓▓▓▓▓▓▓▓▓▓▓▓▓▓▓▓▓▓▓▓▓▓▓▓

You could see a hill giant, an ogre, a worker ant, an orc and a bat skeleton.

Vanquished Creatures
  A scorpion (D)
  A crimson imp (D)
  An adder (D)
  An ooze (D)
  An adder zombie (D)
  A kobold (D)
  A quokka (D)
  A bat (D)
  A giant gecko (D)
  A goblin (D)
  A rat (D)
11 creatures vanquished.

Notes
Turn   | Place    | Note
--------------------------------------------------------------
     0 | D        | patman the Vine Stalker Assassin began the quest for the Orb.
     0 | D        | Reached XP level 1. HP: 11/11 MP: 2/2
     6 | D        | Reached skill level 1 in Dodging
    33 | D        | Noticed a scorpion
    33 | D        | Noticed a crimson imp
    46 | D        | Killed a scorpion
    46 | D        | Reached skill level 6 in Dodging
    46 | D        | Reached XP level 2. HP: 5/15 MP: 1/3
    46 | D        | Reached XP level 3. HP: 6/18 MP: 1/4
    58 | D        | Reached XP level 4. HP: 2/23 MP: 0/5
   133 | D        | Killed a crimson imp
   133 | D        | Reached skill level 7 in Dodging
   152 | D        | Found a glowing silver altar of Zin.
   152 | D        | Found a glowing golden altar of the Shining One.
   152 | D        | Found an ancient bone altar of Kikubaaqudgha.
   152 | D        | Found a basalt altar of Yredelemnul.
   152 | D        | Found a shimmering altar of Xom.
   152 | D        | Found a radiant altar of Vehumet.
   153 | D        | Found an iron altar of Okawaru.
   154 | D        | Found a burning altar of Makhleb.
   155 | D        | Found a deep blue altar of Sif Muna.
   156 | D        | Found a bloodstained altar of Trog.
   157 | D        | Found a sparkling altar of Nemelex Xobeh.
   158 | D        | Found a white marble altar of Elyvilon.
   159 | D        | Found a roughly hewn altar of Beogh.
   160 | D        | Found a viscous altar of Jiyva.
   161 | D        | Found a corrupted altar of Lugonu.
   162 | D        | Found a blossoming altar of Fedhas.
   163 | D        | Found a snail-covered altar of Cheibriados.
   164 | D        | Found a shadowy altar of Dithmenos.
   165 | D        | Found a stormy altar of Qazlal.
   166 | D        | Found an opulent altar of Gozag.
   167 | D        | Found a sacrificial altar of Ru.
   275 | D        | Became a worshipper of Trog the Wrathful
   301 | D        | Noticed an ogre
   301 | D        | Noticed a worker ant
   301 | D        | Noticed a hill giant
   303 | D        | Reached skill level 1 in Maces & Flails
   316 | D        | Slain by a hill giant

Vault maps used:
D:        linesprint

Action                   |  1- 3 |  4- 6 || total
-------------------------+-------+-------++-------
Melee: Dagger            |    12 |    63 ||    75
       Dire flail        |       |    11 ||    11
 Fire: Blowgun           |     9 |     2 ||    11
 Stab: Sleeping          |     2 |       ||     2
